 Dungeon Crawl Stone Soup version 0.30.1-9-gdf580d7c3d (webtiles) character file.

Game seed: 11857568024381580465

12152 cbfl8 the Cleaver (level 11, -1/97 HPs)
             Began as a Minotaur Berserker on Sept 27, 2023.
             Was a High Priest of Trog.
             Shot with an arrow by a centaur warrior (7 damage)
             ... on level 9 of the Dungeon.
             The game lasted 00:12:43 (10601 turns).

cbfl8 the Cleaver (Minotaur Berserker)             Turns: 10601, Time: 00:12:43

Health: -1/97      AC: 14    Str: 27    XL:     11   Next: 58%
Magic:  10/10      EV:  8    Int:  4    God:    Trog [*****.]
Gold:   498        SH:  0    Dex: 15    Spells: 10/10 levels left

rFire   . . .        x - +0 broad axe
rCold   . . .        (no shield)
rNeg    . . .        y - +0 plate armour
rPois   .            (helmet restricted)
rElec   .            B - scarf {shadows}
rCorr   .            (no gloves)
SInv    .            (no boots)
Will    .....        (no amulet) Stlth
                     a - +6 ring of strength
HPRegen 0.36/turn    r - ring of flight
MPRegen 0.12/turn

%: no passive effects
@: on berserk cooldown, flying, slowed, very slow
A: horns 2, retaliatory headbutt
a: Renounce Religion, Berserk, Trog's Hand, Brothers in Arms


You were on level 9 of the Dungeon.
You worshipped Trog.
Trog was extremely pleased with you.
You visited 1 branch of the dungeon, and saw 9 of its levels.

You collected 498 gold pieces.

Inventory:

Hand Weapons
 x - a +0 broad axe (weapon)
Missiles
 u - 2 throwing nets
Armour
 y - a +0 plate armour (worn)
 B - a scarf of shadows (worn)
Jewellery
 a - a +6 ring of strength (left hand)
 h - a ring of ice
 r - a ring of flight (right hand)
Wands
 w - a wand of mindburst (12)
 z - a wand of roots (8)
 A - a wand of flame (12)
 C - a wand of charming (2) (quivered)
Scrolls
 d - a scroll of magic mapping
 f - 4 scrolls of teleportation
 n - 2 scrolls of fear
 p - 2 scrolls of poison
 s - a scroll of enchant armour {unknown}
 t - a scroll of enchant weapon {unknown}
 E - a scroll of immolation {unknown}
 F - a scroll of noise {unknown}
Potions
 b - a potion of ambrosia {unknown}
 c - a potion of resistance {unknown}
 e - 2 potions of brilliance {unknown}
 g - 3 potions of magic {unknown}
 i - a potion of might {unknown}
 j - 2 potions of heal wounds {unknown}
 k - 5 potions of curing {unknown}
 m - 3 potions of invisibility {unknown}
 o - a potion of cancellation {unknown}
 q - 2 potions of berserk rage {unknown}
 v - a potion of attraction {unknown}
 D - a potion of lignification {unknown}


   Skills:
 + Level 9.5 Fighting
 + Level 13.5 Axes
 + Level 9.7 Armour
 - Level 2.1 Dodging
 * Level 9.0 Shields
 * Level 6.8 Evocations


You had 10 spell levels left.
You didn't know any spells.
Your spell library was empty.

Dungeon Overview and Level Annotations

Branches:
Dungeon (9/15)             Temple (0/1) D:6
   Lair: D:8-11         Orc: D:9-12

Altars:
Dithmenos
Yredelemnul

Shops:
D:5 (   D:6 (


Innate Abilities, Weirdness & Mutations

You have a pair of horns on your head.
You reflexively headbutt those who attack you in melee.


Message History

The yak gores you!
A red film seems to cover your vision as you go berserk!
You feel yourself moving faster!
You feel mighty! The centaur warrior closely misses you. The yak gores you.
The centaur warrior hits you but does no damage.
You hit the yak.
The yak is lightly wounded.
The yak gores you!
The centaur warrior hits you from afar with a +0 spear!
* * * LOW HITPOINT WARNING * * *
You slash the yak! You headbutt the yak.
The yak is severely wounded.
You hear a shout!
The centaur warrior barely misses you. The yak gores you.
* * * LOW HITPOINT WARNING * * *
You slice the yak!!
You kill the yak!
Trog accepts your kill.
The centaur warrior unwields a +0 spear.
The centaur warrior wields a +0 shortbow.
The centaur warrior shoots an arrow.
The arrow hits you!
* * * LOW HITPOINT WARNING * * *
You hear an angry buzzing noise.
Your Shields skill increases to level 9!
You feel a strong urge to attack something.
You feel your anger nearly subside.
You are no longer berserk.
You are exhausted.
You feel yourself slow down.
Blink to where?
Press: ? - help, Dir - move target
As you read the scroll of blinking, it crumbles to dust.
The centaur warrior shoots an arrow.
The arrow hits you!
* * * LOW HITPOINT WARNING * * *
The centaur warrior shoots an arrow.
The arrow hits you but does no damage.
Aiming: Charm
Press: ? - help, Q - select action, (/) - cycle Shift-Dir - straight line, f - centaur warrior
Aim: a centaur warrior, wielding a +0 shortbow (chance to affect: 48%)
The centaur warrior resists with some effort.
The centaur warrior shoots an arrow.
The arrow hits you!
You die...

#.####88c.........#............
.##.........c..........#.###.###.
.........§.....#)........# #.# #.
.#....Y#######.c.#.####### #.# #.
#..#.#†# #...#.# #.# #. ## #.#Y#
#.#.#.# #.###. # .c' #.#.#Z#
#####..... .#.#. #.#.#.#
#......... #.#.#.. #.#@#
#......... # #.# ## #.#.#
#...)..##. ... #.#. #......##.
#.#.#.#####......##.
#.#.#..R....###.###.
..#.#.......# #.# #.
##.#.#....Z..###.###.
##.##..#.#...............
.......#.#.......###.####


You could see a centaur warrior.

Vanquished Creatures
  A rakshasa (D:9)
  A satyr (shapeshifter) (D:9)
  2 two-headed ogres
  3 deep elf pyromancers (D:9)
  A wolf spider zombie (D:9)
  A centaur zombie (D:9)
  Maggie (D:6)
  4 centaur skeletons (D:9)
  2 hellwings (D:9)
  A hornet (D:9)
  A meliai zombie (D:9)
  A slime creature (D:9)
  9 yaks
  A vampire mosquito (D:9)
  A steam dragon (D:7)
  2 acid dragons
  3 water moccasins
  2 sky beasts
  An orc warrior (D:9)
  2 ice beasts (D:6)
  6 centaurs
  2 phantoms (D:6)
  2 kobold brigands
  3 bullfrogs
  A scorpion (D:5)
  4 wights
  16 killer bees
  4 howler monkeys
  4 hounds
  An orc priest (D:3)
  3 jellies
  A gnoll bouda (D:6)
  2 sleepcaps (D:6)
  An iguana (D:5)
  6 orc wizards
  11 gnolls
  7 adders
  5 shadow imps
  2 white imps
  An ufetubus (D:6)
  3 worms
  2 dart slugs
  19 orcs
  2 bats
  7 endoplasms
  A giant cockroach (D:2)
  8 goblins
  5 hobgoblins
  2 jackals (D:3)
  4 quokkas
  7 ball pythons
  11 frilled lizards (D:2)
  16 kobolds
  3 rats
212 creatures vanquished.

Notes
Turn   | Place    | Note
-------+----------+-------------------------------------------
     0 | D:1      | cbfl8 the Minotaur Berserker began the quest for the Orb.
     0 | D:1      | Reached XP level 1. HP: 19/19 MP: 0/0
   158 | D:1      | Reached XP level 2. HP: 26/27 MP: 1/1
   435 | D:1      | Reached skill level 1 in Shields
   819 | D:2      | Reached skill level 4 in Axes
  1034 | D:2      | Reached XP level 3. HP: 15/33 MP: 2/2
  1316 | D:2      | Reached ** piety under Trog
  1959 | D:3      | Reached skill level 1 in Evocations
  2014 | D:3      | Reached XP level 4. HP: 40/40 MP: 3/3
  2048 | D:3      | Found a basalt altar of Yredelemnul.
  2049 | D:3      | Found a shadowy altar of Dithmenos.
  2136 | D:3      | Reached skill level 5 in Axes
  2287 | D:3      | Reached XP level 5. HP: 32/47 MP: 4/4
  3068 | D:4      | Reached *** piety under Trog
  3473 | D:5      | Entered Level 5 of the Dungeon
  3473 | D:5      | Found Quim Ure's Antique Weapon Emporium.
  3560 | D:5      | Reached XP level 6. HP: 55/55 MP: 5/5
  3778 | D:5      | Reached skill level 6 in Axes
  3815 | D:5      | Noticed a water moccasin
  3836 | D:5      | Killed a water moccasin
  3837 | D:5      | Reached skill level 5 in Fighting
  4356 | D:5      | Reached XP level 7. HP: 39/61 MP: 6/6
  4847 | D:5      | Reached skill level 7 in Axes
  5090 | D:6      | Identified the ring of Orthodoxy {Fly Int+6 Slay-4 Stlth+}
  5109 | D:6      | Noticed Maggie
  5468 | D:6      | Found Cuyrhecw's Magic Scroll Shop.
  5479 | D:6      | Killed Maggie
  5480 | D:6      | Reached XP level 8. HP: 70/70 MP: 7/7
  5500 | D:6      | Reached skill level 8 in Axes
  5814 | D:6      | Found a staircase to the Ecumenical Temple.
  5880 | D:6      | Reached skill level 5 in Armour
  5884 | D:6      | Reached skill level 5 in Shields
  5885 | D:6      | Reached skill level 9 in Axes
  6026 | D:6      | Found Xeeg's Antique Weapon Emporium.
  6427 | D:7      | Reached XP level 9. HP: 78/78 MP: 8/8
  6491 | D:7      | Noticed a two-headed ogre
  6501 | D:7      | Killed a two-headed ogre
  6502 | D:7      | Reached skill level 10 in Axes
  6958 | D:7      | Reached **** piety under Trog
  7461 | D:8      | Reached skill level 5 in Evocations
  7473 | D:8      | Reached skill level 11 in Axes
  7473 | D:8      | Reached XP level 10. HP: 49/88 MP: 9/9
  8021 | D:8      | Noticed a two-headed ogre
  8029 | D:8      | Killed a two-headed ogre
  8929 | D:9      | Reached skill level 12 in Axes
  8969 | D:9      | Noticed a deep elf pyromancer
  8974 | D:9      | Killed a deep elf pyromancer
  9224 | D:9      | Noticed a deep elf pyromancer
  9234 | D:9      | Killed a deep elf pyromancer
  9241 | D:9      | Reached XP level 11. HP: 95/95 MP: 10/10
  9287 | D:9      | Noticed a rakshasa
  9316 | D:9      | Killed a rakshasa
  9387 | D:9      | Noticed a satyr
  9398 | D:9      | Killed a satyr
  9659 | D:9      | Reached skill level 13 in Axes
  9909 | D:9      | Paralysed by a hornet for 3 turns
 10152 | D:9      | Noticed a deep elf pyromancer
 10166 | D:9      | Killed a deep elf pyromancer
 10445 | D:9      | Reached ***** piety under Trog
 10582 | D:9      | Noticed a centaur warrior
 10601 | D:9      | Shot with an arrow by a centaur warrior

Illustrated notes

Levels and vault maps discovered:
D:1:      psy_arrival_spokes, layout_basic, minmay_misc_feat_more_columns
D:2:      layout_basic, hangedman_decor_diamond_cutter, minmay_lizard_king
D:3:      layout_rooms, gammafunk_temple_overflow_statue,
          kennysheep_minor_cross, chequers_serial_rivers_micro_c, minmay_puff
D:4:      layout_rooms
D:5:      minmay_recursive_quarters, layout_basic, serial_shops,
          nicolae_shop_trees
D:6:      layout_cave_pools, minmay_temple_entry_overgrown, serial_shops,
          nicolae_shop_window_shopping, serial_park, serial_park_square2,
          serial_park_square3 [serial_park_minivault_5x5_7], serial_park_tiny_1,
          nicolae_inconvenience_store, uniq_maggie
D:7:      layout_rooms
D:8:      layout_basic
D:9:      cheibrodos_grave_circle, layout_basic, minmay_shattered_shrine

Skill      XL: |  1  2  3  4  5  6  7  8  9 10 11 |
---------------+----------------------------------+-----
Shields        | 1 2 3 4 5 6 8 9 |  9.0
Fighting       | 4 5 6 7 8 9 |  9.5
Axes           | 4 5 6 7 9 11 12 13 | 13.5
Evocations     | 1 2 3 4 5 6 |  6.8
Armour         | 3 4 5 7 8 9 |  9.7
Dodging        | |  2.1

Action                     |  1- 3 |  4- 6 |  7- 9 | 10-12 || total
---------------------------+-------+-------+-------+-------++-------
  Melee: Hand axe          |    91 |   117 |    36 |       ||   244
         Headbutt          |     8 |    20 |    36 |    56 ||   120
         Punch             |     1 |     2 |     2 |     3 ||     8
         Broad axe         |       |       |   103 |   223 ||   326
 Invoke: Berserk           |       |     3 |     6 |     7 ||    16
  Evoke: Wand              |       |       |       |     4 ||     4
    Use: Scroll            |     3 |     1 |     4 |     1 ||     9
 Armour: Animal skin       |    16 |    11 |       |       ||    27
         Scale mail        |       |    16 |     1 |       ||    17
         Chain mail        |       |       |    44 |       ||    44
         Plate armour      |       |       |    54 |   163 ||   217
  Dodge: Dodged            |    53 |    83 |    86 |   113 ||   335
